 Dungeon Crawl Stone Soup version 0.18-a0-846-g91b95b1 (webtiles) character file.

143 Raultor the Insei (level 5, -10/40 HPs)
             Began as a Draconian Transmuter on Dec 20, 2015.
             Mangled by a gnoll
             ... wielding a +0 halberd
              (11 damage)
             ... on level 2 of the Dungeon.
             The game lasted 00:07:15 (3480 turns).

Raultor the Insei (Draconian Transmuter)            Turns: 3480, Time: 00:07:16

Health: -10/40     AC:  5    Str: 16    XL:     5   Next: 4%
Magic:  6/8        EV: 12    Int: 14    God:
Gold:   70         SH:  0    Dex: 12    Spells: 2 memorised, 5 levels left

rFire  . . .     SeeInvis .       - Unarmed
rCold  . . .     Gourm    .     (armour unavailable)
rNeg   . . .     Faith    .     (no shield)
rPois  .         Spirit   .     (helmet restricted)
rElec  .         Dismiss  .     (no cloak)
rCorr  .         Reflect  .     (no gloves)
SustAt .         Harm     .     (no boots)
MR     .....                    (no amulet)
Stlth  +.........               (no ring)
                                p - +4 ring of strength

@: not resistant to hostile enchantments, very unstealthy
A: unfitting armour, cold-blooded, AC +5
a: no special abilities


You were on level 2 of the Dungeon.
You were hungry.

You visited 1 branch of the dungeon, and saw 3 of its levels.

You collected 70 gold pieces.

Inventory:

Missiles
 a - 8 arrows
 m - 19 arrows of frost
Jewellery
 p - a +4 ring of strength (left hand)
   (You found it on level 3 of the Dungeon)
Scrolls
 d - 3 scrolls of identify {unknown}
 h - 4 scrolls of remove curse {unknown}
 k - a scroll of immolation {unknown}
 n - a scroll of recharging {unknown}
 q - a scroll of noise {unknown}
 t - a scroll of fog {unknown}
Potions
 e - a potion of resistance {unknown}
 f - a potion of heal wounds
 g - a potion of cancellation {unknown}
 i - a potion of flight {unknown}
 j - 3 potions of agility {unknown}
 l - a potion of curing {unknown}
Books
 b - a book of Changes
Comestibles
 c - 5 bread rations {@e1}
 o - 2 fruits
 r - a slice of pizza
 s - a meat ration {@e2}


   Skills:
 - Level 1.1 Fighting
 - Level 1.7 Dodging
 + Level 4.5 Unarmed Combat
 - Level 2.0 Spellcasting
 + Level 4.0 Transmutations


You had 5 spell levels left.
You knew the following spells:

 Your Spells              Type           Power        Failure   Level  Hunger
a - Beastly Appendage     Trmt           ##....       4%          1    ##.....
s - Sticks to Snakes      Trmt           ##......     10%         2    ###....


Dungeon Overview and Level Annotations

Branches:
Dungeon (3/15)

Altars:
Qazlal
Xom
Zin

Annotations:
D:3 Kolbur's ghost, weakling KoBe


Innate Abilities, Weirdness & Mutations

Your plain brown scales are hard (AC +5).
Your body does not fit into most forms of armour.
You are cold-blooded and may be slowed by cold attacks.


Message History

You swap places.
The gnoll hits you from afar with a halberd!
You take 7 damage, and have 28/35 hp.
There is a stone staircase leading up, spattered with blood here.
Your adder bites the gnoll.
The gnoll completely misses you.
Your adder barely misses the gnoll.
Your adder bites the gnoll but does no damage.
Your adder bites the gnoll.
The gnoll is poisoned.
Your adder poisons the gnoll!
The gnoll misses your adder.
Your adder barely misses the gnoll.
Your adder closely misses the gnoll.
The gnoll hits you from afar with a spear.
The gnoll barely misses you.
You take 5 damage, and have 24/35 hp.
The gnoll barely misses you.
Your adder bites the gnoll.
The gnoll looks even sicker.
Your adder poisons the gnoll!
The gnoll misses you.
Your adder barely misses the gnoll.
The gnoll hits you from afar with a spear!
You take 9 damage, and have 15/35 hp.
MASSIVE DAMAGE!!
The gnoll hits you from afar with a halberd!
* * * LOW HITPOINT WARNING * * *
The gnoll hits you from afar with a spear.
* * * LOW HITPOINT WARNING * * *
Your adder bites the gnoll.
You climb upwards.
Your summoned ally is left behind.
There is a stone staircase leading down here.
You take 14 damage, and have 1/35 hp.
MASSIVE DAMAGE!!
You start resting.
Eating a chunk of flesh {@w0}.
You continue eating. x2
A giant newt comes into view.
You regained 3 hp, and now have 4/35 hp.
MP restored: 7
Casting: Sticks to Snakes You create a snake!
You now have 28 arrows.
You now have 5/7 mp.
The giant newt barely misses your ball python.
Your ball python misses the giant newt.
Your ball python grabs the giant newt.
Your ball python constricts the giant newt.
The giant newt dies!
Your Transmutations skill increases to level 4!
You start resting.
Your ball python withers and dies!
You are feeling hungry.
You regained 29 hp, and now have 33/35 hp.
MP restored: 7 You climb downwards.
Level annotation: Kolbur's ghost, weakling KoBe The gnoll hits you with a halberd!
There is a stone staircase leading up, spattered with blood here.
You take 7 damage, and have 26/35 hp.
Casting: Sticks to Snakes You create a snake!
You now have 27 arrows.
The gnoll misses you.
The gnoll hits you from afar with a spear.
You take 6 damage, and have 20/35 hp.
You now have 5/7 mp.
The gnoll closely misses you.
Your ball python barely misses the gnoll. x2
You hit the gnoll but do no damage.
The gnoll hits you from afar with a spear.
Your ball python bites the gnoll but does no damage.
Your ball python grabs the gnoll.
Your ball python constricts the gnoll.
The gnoll hits you with a halberd!
* * * LOW HITPOINT WARNING * * *
You take 14 damage, and have 6/35 hp.
MASSIVE DAMAGE!!
The gnoll hits you with a spear.
* * * LOW HITPOINT WARNING * * *
Your ball python bites the gnoll but does no damage.
Your ball python constricts the gnoll.
The gnoll misses you. The gnoll misses you.
There is a stone staircase leading up, spattered with blood here.
You take 3 damage, and have 3/35 hp.
Your ball python bites the gnoll.
Your ball python constricts the gnoll.
The gnoll barely misses you.
The gnoll hits you from afar with a halberd.
* * * LOW HITPOINT WARNING * * *
You climb upwards.
Your summoned ally is left behind.
There is a stone staircase leading down here.
You take 1 damage, and have 2/35 hp.
Unknown command.
Drink which item? (? for menu, Esc to quit)
It was a potion of heal wounds.
You feel much better. The gnoll barely misses you.
The gnoll closely misses you.
You regained 26 hp, and now have 28/35 hp.
You hit the gnoll. The gnoll hits you with a spear!
The gnoll hits you with a halberd.
You take 14 damage, and have 14/35 hp.
MASSIVE DAMAGE!!
You hit the gnoll but do no damage. The gnoll hits you with a spear.
The gnoll hits you with a halberd!
* * * LOW HITPOINT WARNING * * *
You take 13 damage, and have 1/35 hp.
MASSIVE DAMAGE!!
You hit the gnoll.
You kill the gnoll!
You have reached level 5!
The gnoll hits you with a halberd!
You die...

#################
#................
#.###############
##.##############
####@g.............#
#<##)..............#
##.##.....###########
#......<......).....#P
#.###..#..###.#######.
#.#.#............# #.
#.#.#..#.#.......# #.
#.#P#..#.#.......#


You could see a gnoll.

Vanquished Creatures
  3 adders
  5 gnolls
  2 worms
  3 giant geckos (D:1)
  2 ball pythons (D:2)
  3 bats
  4 giant cockroaches
  4 goblins
  11 hobgoblins
  6 jackals (D:2)
  4 giant newts
  9 kobolds
  12 rats
68 creatures vanquished.

Vanquished Creatures (collateral kills)
  A giant newt (D:2)
1 creature vanquished.

Grand Total: 69 creatures vanquished

Notes
Turn   | Place    | Note
--------------------------------------------------------------
     0 | D:1      | Raultor the Draconian Transmuter began the quest for the Orb.
     0 | D:1      | Reached XP level 1. HP: 16/16 MP: 3/3
   132 | D:1      | Reached XP level 2. HP: 14/23 MP: 5/5
   940 | D:1      | Reached XP level 3. HP: 21/28 MP: 6/6
  1209 | D:2      | Learned a level 2 spell: Sticks to Snakes
  1435 | D:2      | Reached skill level 3 in Transmutations
  1493 | D:2      | Found a stormy altar of Qazlal.
  1625 | D:2      | Reached skill level 4 in Unarmed Combat
  1781 | D:2      | Found a shimmering altar of Xom.
  2013 | D:2      | Reached XP level 4. HP: 22/35 MP: 7/7
  2407 | D:3      | HP: 5/35 [gnoll/whip (6)]
  2768 | D:2      | Found a glowing silver altar of Zin.
  3066 | D:3      | Noticed Kolbur's ghost (weakling KoBe)
  3181 | D:3      | HP: 6/35 [gnoll/halberd (9)]
  3181 | D:3      | HP: 1/35 [gnoll/spear (5)]
  3210 | D:2      | Reached skill level 4 in Transmutations
  3473 | D:3      | HP: 6/35 [gnoll/halberd (12)]
  3475 | D:3      | HP: 1/35 [gnoll/halberd (2)]
  3480 | D:2      | Reached XP level 5. HP: 1/40 MP: 5/8
  3480 | D:2      | Mangled by a gnoll

Vault maps used:
D:1:      minmay_arrival_stone_box
D:2:      nicolae_overflow_hidden_temple, serial_aquarium,
          aquarium_bridge_straight, aquarium_window_fake, aquarium_window_2,
          aquarium_window_2, aquarium_view_2f, aquarium_view_2a, aquarium_pool_S
D:3:      grunt_temple_overflow_opulence, first_bread

Action                   |  1- 3 |  4- 6 || total
-------------------------+-------+-------++-------
Melee: Unarmed           |   217 |    66 ||   283
 Cast: Sticks to Snakes  |       |     4 ||     4
  Use: Potion            |       |     1 ||     1
 Stab: Sleeping          |     2 |       ||     2
       Distracted        |       |     1 ||     1
  Eat: Chunk             |     4 |     4 ||     8

Vault maps used:
D:1:      minmay_arrival_stone_box
D:2:      nicolae_overflow_hidden_temple, serial_aquarium,
          aquarium_bridge_straight, aquarium_window_fake, aquarium_window_2,
          aquarium_window_2, aquarium_view_2f, aquarium_view_2a, aquarium_pool_S
D:3:      grunt_temple_overflow_opulence, first_bread

Table legend:
 A = Turns spent in this place as a percentage of turns spent in the entire game.
 B = Non-inter-level travel turns spent in this place as a percentage of non-inter-level travel turns spent in the entire game.
 C = Inter-level travel turns spent in this place as a percentage of turns spent in this place.
 D = Turns resting spent in this place as a percentage of non-inter-level travel turns spent in this place.
 E = Turns spent auto-exploring this place as a percentage of non-inter-level travel turns spent in this place.
 F = Non-inter-level travel turns spent in this place divided by the number of levels of this place that you've seen.
                   A       B       C       D       E      F
               +-------+-------+-------+-------+-------+----------------------
         Total | 100.0 | 100.0 |   0.7 |   4.8 |   9.2 | 245.3
       Dungeon | 100.0 | 100.0 |   0.7 |   4.8 |   9.2 | 245.3
               +-------+-------+-------+-------+-------+----------------------

Table legend:
 A = Kills in this place as a percentage of kills in entire the game.
 B = Kills by you in this place as a percentage of kills by you in the entire game.
 C = Kills by friends in this place as a percentage of kills by friends in the entire game.
 D = Other kills in this place as a percentage of other kills in the entire game.
 E = Experience gained in this place as a percentage of experience gained in the entire game.
 F = Experience gained in this place divided by the number of levels of this place that you have seen.
                   A       B       C       D       E      F
               +-------+-------+-------+-------+-------+----------------------
         Total | 100.0 | 100.0 | 100.0 |  -nan | 100.0 |  68.3
       Dungeon | 100.0 | 100.0 | 100.0 |  -nan | 100.0 |  68.3
               +-------+-------+-------+-------+-------+----------------------
